 Dungeon Crawl Stone Soup version 0.31-a0-845-g9abc20d24f (webtiles) character file.

Game seed: 10466173635569884966

2213 Joey1 the Cleaver (level 9, -8/111 HPs)
             Began as a Minotaur Berserker on Oct 1, 2023.
             Was a Priest of Trog.
             Mangled by a wyvern (11 damage)
             ... on level 7 of the Dungeon.
             The game lasted 00:08:19 (4925 turns).

Joey1 the Cleaver (Minotaur Berserker)              Turns: 4925, Time: 00:08:19

Health: -8/111     AC:  9    Str: 26    XL:     9   Next: 13%
Magic:  8/8        EV: 11    Int:  4    God:    Trog [***...]
Gold:   330        SH:  5    Dex: 10    Spells: 8/8 levels left

rFire   . . .        u - +0 war axe
rCold   . . .        i - +0 buckler
rNeg    . . .        o - +0 ring mail
rPois   +            (helmet restricted)
rElec   .            (no cloak)
rCorr   .            m - +1 pair of gloves
SInv    .            g - +0 pair of boots
Will    .....        (no amulet) Stlth
                     y - ring of poison resistance
HPRegen 0.38/turn    (no ring)
MPRegen 0.11/turn

%: no passive effects
@: berserking, lethally poisoned (-8 -> -13), very quick
A: horns 2, retaliatory headbutt
a: Renounce Religion, Berserk, Trog's Hand


You were on level 7 of the Dungeon.
You worshipped Trog.
Trog was most pleased with you.
You visited 1 branch of the dungeon, and saw 7 of its levels.

You collected 330 gold pieces.

Inventory:

Hand Weapons
 a - a +0 hand axe
 u - a +0 war axe (weapon)
 C - a +0 spear
Missiles
 x - 2 javelins
Armour
 b - a +0 animal skin
 g - a +0 pair of boots (worn)
 h - a +0 leather armour
 i - a +0 buckler (worn)
 m - a +1 pair of gloves (worn)
 o - a +0 ring mail (worn)
Jewellery
 t - a ring of ice
 y - a ring of poison resistance (left hand)
Wands
 w - a wand of charming (13)
 B - a wand of roots (7)
Scrolls
 c - a scroll of teleportation {unknown}
 d - a scroll of noise {unknown}
 e - a scroll of revelation {unknown}
 j - a scroll of blinking {unknown}
 n - a scroll of fear {unknown}
 q - 4 scrolls of vulnerability
 r - 4 scrolls of enchant weapon
 D - a scroll of enchant armour {unknown}
Potions
 f - 2 potions of magic
 k - a potion of might
 l - a potion of cancellation {unknown}
 p - a potion of heal wounds {unknown}
 s - a potion of enlightenment {unknown}
 v - a potion of curing {unknown}
 z - a potion of brilliance {unknown}
 A - a potion of attraction {unknown}


   Skills:
 - Level 5.0 Fighting
 * Level 12.5 Axes
 - Level 5.0 Armour
 - Level 3.0 Dodging
 - Level 5.0 Shields


You had 8 spell levels left.
You didn't know any spells.
Your spell library was empty.

Dungeon Overview and Level Annotations

Branches:
Dungeon (7/15)             Temple (0/1) D:7

Altars:
Cheibriados
Elyvilon
Kikubaaqudgha
Okawaru
Wu Jian
The Shining One

Shops:
D:6 =


Innate Abilities, Weirdness & Mutations

You have a pair of horns on your head.
You reflexively headbutt those who attack you in melee.


Message History

You feel yourself moving faster!
You feel mighty!
A nearby plant withers and dies.
You block the killer bee's attack. The killer bee barely misses you.
You block the wyvern's attack. The killer bee completely misses you.
The killer bee stings you.
* * * LOW HITPOINT WARNING * * *
You are poisoned.
The killer bee poisons you!
The wyvern bites you but does no damage.
You are too injured to fight recklessly!
You miss the killer bee.
The killer bee is severely wounded.
You slash the killer bee! x2; You barely miss the wyvern.
You feel sick.
A nearby plant withers and dies.
The killer bee barely misses you. You furiously retaliate!
You headbutt the killer bee!
You kill the killer bee!
Trog accepts your kill. The killer bee stings you.
* * * LOW HITPOINT WARNING * * *
The killer bee barely misses you. The wyvern bites you!
* * * LOW HITPOINT WARNING * * *
You barely miss the killer bee. Your headbutt misses the killer bee.
The killer bee is severely wounded.
You closely miss the killer bee. You slash the wyvern!
You feel sick. The killer bee closely misses you.
The killer bee barely misses you. You furiously retaliate!
You headbutt the killer bee!!
You kill the killer bee!
Trog accepts your kill.
The killer bee stings you but does no damage.
You closely miss the wyvern.
The wyvern is heavily wounded.
You slash the killer bee!
You kill the killer bee!
Trog accepts your kill.
You feel sick. The wyvern closely misses you. The wyvern bites you!
* * * LOW HITPOINT WARNING * * *
You hit the wyvern.
The wyvern is heavily wounded.
* * * LOW HITPOINT WARNING * * *
You feel sick. The wyvern bites you!
You die...

....#
####~PP~.~~~~.#
....#
#~~~~.~~~P.#
..#.#
#P~~~.~~~♣.#
......
♣~~~.P♣~..#
###.###
♣~~.~♣~.## P#
♣~~.P♣♣.## ~
##♣~~?~♣♣..#
#P~~≈.~~~#.#
#~♣~≈~@~≈♣♣.#
♣~~l.~~♣~.#
♣~~~.~~♣~.#
♣~~P~.~♣~..#
~≈~S~~~.~♣..##
~≈~~~≈~~≈.♣..##
............##
~~~~~~~~~.).#
~≈≈≈~≈≈~~~♣##


You could see a wyvern and an electric eel.

Vanquished Creatures
  Pikel (D:5)
  An ice beast (D:6)
  A sky beast (D:6)
  A black bear (D:4)
  An orc warrior (D:6)
  2 ogres
  A centaur (D:6)
  2 phantoms
  2 kobold brigands (D:7)
  3 bullfrogs
  A scorpion (D:6)
  3 killer bees (D:7)
  2 hounds
  2 jellies
  2 orc priests
  An iguana (D:4)
  3 orc wizards (D:5)
  5 adders
  2 shadow imps
  An ufetubus (D:5)
  A worm (D:2)
  2 dart slugs
  16 orcs
  6 endoplasms
  2 giant cockroaches (D:3)
  7 goblins
  12 hobgoblins
  2 jackals (D:1)
  5 quokkas
  5 ball pythons
  3 bats
  5 frilled lizards
  18 kobolds
  4 rats
125 creatures vanquished.

Notes
Turn   | Place    | Note
-------+----------+-------------------------------------------
     0 | D:1      | Joey1 the Minotaur Berserker began the quest for the Orb.
     0 | D:1      | Reached XP level 1. HP: 19/19 MP: 0/0
    38 | D:1      | Found a faded altar of an unknown god.
    88 | D:1      | Reached XP level 2. HP: 22/27 MP: 1/1
   332 | D:1      | Reached skill level 4 in Axes
   646 | D:2      | Reached XP level 3. HP: 33/33 MP: 2/2
   693 | D:2      | Reached ** piety under Trog
   778 | D:2      | Found an iron altar of Okawaru.
  1069 | D:3      | Noticed a phantom
  1082 | D:3      | Killed a phantom
  1083 | D:3      | Reached skill level 1 in Shields
  1083 | D:3      | Reached XP level 4. HP: 25/41 MP: 3/3
  1227 | D:3      | Found a glowing golden altar of the Shining One.
  1350 | D:3      | Reached XP level 5. HP: 47/47 MP: 4/4
  1568 | D:3      | Found a snail-covered altar of Cheibriados.
  1910 | D:4      | Noticed an ogre
  1910 | D:4      | Noticed a black bear
  1919 | D:3      | Killed an ogre
  1920 | D:3      | Reached skill level 5 in Axes
  2010 | D:4      | Killed a black bear
  2011 | D:4      | Reached XP level 6. HP: 55/55 MP: 5/5
  2065 | D:4      | Reached skill level 5 in Fighting
  2117 | D:4      | Reached skill level 6 in Axes
  2521 | D:4      | Found a white marble altar of Elyvilon.
  2664 | D:5      | Entered Level 5 of the Dungeon
  2690 | D:5      | Reached XP level 7. HP: 55/61 MP: 6/6
  2701 | D:5      | Reached *** piety under Trog
  2702 | D:5      | Reached skill level 5 in Armour
  2806 | D:5      | Reached skill level 7 in Axes
  3296 | D:5      | Noticed Pikel
  3315 | D:5      | Killed Pikel
  3316 | D:5      | Reached skill level 9 in Axes
  3316 | D:5      | Reached skill level 5 in Shields
  3316 | D:5      | Reached XP level 8. HP: 50/68 MP: 7/7
  3436 | D:5      | Found an iron altar of Okawaru.
  3805 | D:6      | Found an ancient bone altar of Kikubaaqudgha.
  3960 | D:6      | Reached skill level 10 in Axes
  4220 | D:6      | Reached skill level 11 in Axes
  4337 | D:6      | Found an ornate altar of the Wu Jian Council.
  4502 | D:6      | Found Ysistru's Jewellery Emporium.
  4760 | D:7      | Found a staircase to the Ecumenical Temple.
  4767 | D:7      | Reached skill level 12 in Axes
  4767 | D:7      | Reached XP level 9. HP: 74/74 MP: 8/8
  4924 | D:7      | HP: 3/111 [wyvern (12)]
  4925 | D:7      | Mangled by a wyvern

Illustrated notes

Levels and vault maps discovered:
D:1:      psy_arrival_basics, layout_basic, chequers_ecumenical_altar_simple
D:2:      layout_rooms, basic_altar
D:3:      layout_basic, lemuel_doored_altar, nicolae_overflow_hidden_temple
D:4:      layout_rooms, elyvilon_altar_1
D:5:      layout_loops_corners, kennysheep_okawaru_gauntlet, uniq_pikel
D:6:      layout_loops_cross, nicolae_wu_jian_glorious_leap,
          nicolae_kikubaaqudgha_miasma_corner, serial_shops,
          nicolae_shop_rolling_square, chequers_serial_rivers_small_b,
          st_stairs_4
D:7:      layout_loops_cross, kennysheep_orc_sif_temple,
          minmay_temple_entry_grid, gammafunk_ghost_abyssal_escape,
          serial_bayou, serial_bayou_lake_a, serial_bayou_pond_c,
          serial_bayou_lagoon_b, serial_bayou_lagoon_a, serial_bayou_pond_c,
          kennysheep_minor_cross, minmay_shop_enchanted_jewellery

Skill      XL: |  1  2  3  4  5  6  7  8 |
---------------+-------------------------+-----
Fighting       | 4 5 |  5.0
Axes           | 4 5 6 9 12 | 12.5
Armour         | 3 4 5 |  5.0
Dodging        | 3 |  3.0
Shields        | 1 2 3 5 |  5.0

Action                     |  1- 3 |  4- 6 |  7- 9 || total
---------------------------+-------+-------+-------++-------
  Melee: Hand axe          |    86 |    99 |    42 ||   227
         Headbutt          |    12 |    13 |    22 ||    47
         War axe           |       |       |    81 ||    81
         Spear             |       |       |     5 ||     5
 Invoke: Berserk           |       |     3 |     2 ||     5
    Use: Scroll            |       |       |     4 ||     4
 Armour: Animal skin       |     8 |       |       ||     8
         Leather armour    |    34 |     7 |       ||    41
         Ring mail         |       |    55 |    92 ||   147
  Dodge: Dodged            |    51 |    59 |    71 ||   181
  Block: Buckler           |     8 |    14 |    33 ||    55

Table legend: (Time is in decaauts)
 A = Elapsed time spent in this place.
 B = Non-inter-level travel time spent in this place.
 C = Inter-level travel time spent in this place.
 D = Time resting spent in this place.
 E = Time spent auto-exploring this place.
 F = Levels seen in this place.
 G = Mean time per level.
                   A        B        C        D        E       F      G
               +--------+--------+--------+--------+--------+-----+--------+
         Total |   4991 |   4670 |    321 |    422 |   3477 |   7 |  713.0 |
       Dungeon |   4991 |   4670 |    321 |    422 |   3477 |   7 |  713.0 |
               +--------+--------+--------+--------+--------+-----+--------+

Top non-repeatable levels by time:
     D:3: 1077 daAuts
     D:5: 1030 daAuts
     D:6: 1004 daAuts
     D:4: 699 daAuts
     D:1: 588 daAuts
     D:2: 404 daAuts
     D:7: 187 daAuts
